 Dungeon Crawl Stone Soup version 0.28.0-53-g5a82cb258f (webtiles) character file.

Game seed: 4936874378437260035

2541 styxcanada the Covert (level 9, -6/45 HPs)
             Began as a Spriggan Brigand on June 10, 2022.
             Was an Initiate of Gozag.
             Mangled by a six-headed hydra (13 damage)
             ... on level 7 of the Dungeon.
             The game lasted 00:29:43 (7607 turns).

styxcanada the Covert (Spriggan Brigand)            Turns: 7607, Time: 00:29:44

Health: -6/45      AC:  5    Str: 13    XL:     9   Next: 30%
Magic:  12/12      EV: 23    Int: 12    God:    Gozag
Gold:   393        SH:  0    Dex: 21    Spells: 9/11 levels left

rFire   . . .      SeeInvis +   d - +3 dagger (venom)
rCold   . . .      Faith    .   (no shield)
rNeg    . . .      Spirit   .   b - +0 robe
rPois   +          Reflect  .   (helmet restricted)
rElec   .          Harm     .   m - +2 cloak
rCorr   .          Rampage  .   (gloves unavailable)
Will    +....                   (boots unavailable)
Stlth   +++++.....              z - amulet of regeneration
HPRegen 0.95/turn               t - +6 ring of strength
MPRegen 0.13/turn               n - ring of poison resistance

@: gold aura, very quick
A: very small, no large weapons, unfitting armour, see invisible, speed 3
a: Renounce Religion, Potion Petition, Call Merchant, Bribe Branch


You were on level 7 of the Dungeon.
You worshipped Gozag.
Gozag was aware of your devotion.
You visited 2 branches of the dungeon, and saw 8 of its levels.
You also visited: Ossuary.

You collected 452 gold pieces.
You paid 59 gold pieces to Gozag.

Inventory:

Hand Weapons
 a - a +2 dagger
 d - a +3 dagger of venom (weapon)
 l - a +0 hunting sling of flaming
 o - a +3 quarterstaff of chaos
 p - the +3 hunting sling of a bailey {vorpal, Dex+4 Stlth+}
   (You found it on level 7 of the Dungeon)

   Any ammunition fired from it inflicts extra damage upon your enemies.
   Dex:       It affects your dexterity (+4).
   Stlth:     It makes you more stealthy.
 u - a +2 dagger of draining
Missiles
 e - 2 curare-tipped darts
 f - 15 sling bullets
 g - 17 poisoned darts (quivered)
 j - 211 stones
Armour
 b - a +0 robe (worn)
 m - a +2 cloak (worn)
Jewellery
 c - a ring of protection from cold
 n - a ring of poison resistance (right hand)
 t - a +6 ring of strength (left hand)
 v - a ring of positive energy
 w - a ring of flight
 z - an amulet of regeneration (around neck)
Wands
 x - a wand of iceblast (13)
 A - a wand of flame (12)
 D - a wand of mindburst (10)
Scrolls
 k - 4 scrolls of teleportation
 y - a scroll of amnesia
 B - 2 scrolls of immolation
 J - a scroll of silence
Potions
 h - 2 potions of invisibility
 i - 2 potions of magic
 q - 3 potions of heal wounds
 r - 3 potions of might {unknown}
 s - 2 potions of mutation {unknown}
 E - a potion of brilliance {unknown}
 F - 4 potions of haste {unknown}
 H - 2 potions of resistance {unknown}
 I - 2 potions of berserk rage {unknown}


   Skills:
 + Level 3.8 Fighting
 + Level 5.4 Short Blades
 + Level 1.9(3.5) Slings
 + Level 3.9(4.1) Throwing
 * Level 7.4 Dodging
 * Level 12.1 Stealth
 * Level 1.9 Spellcasting
 * Level 1.4 Conjurations
 * Level 2.1 Air Magic
 * Level 3.5 Evocations


You had 9 spell levels left.
You knew the following spells:

 Your Spells              Type           Power      Damage    Failure   Level
a - Static Discharge      Conj/Air       5%         N/A       21%         2

Your spell library contained the following spells:

 Spells                   Type           Power      Damage    Failure   Level
 Sandblast                Erth           2%         2d4       28%         1
 Passwall                 Tmut/Erth      0%         N/A       38%         2
 Stone Arrow              Conj/Erth      4%         3d7       52%         3
 Hailstorm                Conj/Ice       2%         3d3       90%         4
 Sticky Flame             Conj/Fire      2%         2d3       90%         4
 Dispel Undead            Necr           1%         3d6       95%         4
 Ice Form                 Ice/Tmut       1%         N/A       95%         4
 Simulacrum               Ice/Necr       0%         N/A       100%        6


Dungeon Overview and Level Annotations

Branches:
Dungeon (7/15)             Temple (1/1) D:6         Ossuary (visited)

Altars:
Cheibriados
Elyvilon
Gozag
Hepliaklqana
Makhleb
Trog
Vehumet
Wu Jian

Shops:
D:3 [


Innate Abilities, Weirdness & Mutations

You are very small and have problems with some larger weapons.
You are too small for most types of armour.
You have supernaturally acute eyesight. (SInv)
You cover ground extremely quickly. (Speed+++)


Message History

The six-headed hydra is moderately wounded.
The iceblast engulfs the white imp!
The white imp partially resists.
You kill the white imp!
The iceblast engulfs the ogre!!
The ogre is severely wounded.
The killer bee buzzes angrily. x2; You hear a shout! x2
You hear an angry hiss.
You hear a shout! x4
The killer bee is distracted by your dazzling golden aura. x2
The killer bee buzzes angrily.
Aiming: Iceblast
Press: ? - help, Shift-Dir - straight line, f/p - six-headed hydra
Aim: a six-headed hydra (lightly wounded)
The mass of ice explodes!
The iceblast engulfs the six-headed hydra!
The six-headed hydra is heavily wounded.
The iceblast engulfs the ogre!!
You kill the ogre!
The killer bee buzzes angrily.
A killer bee comes into view.
The killer bee moves out of view.
You hit the six-headed hydra.
The six-headed hydra is heavily wounded.
The killer bee is no longer distracted by gold.
The six-headed hydra bites you.
The six-headed hydra completely misses you.
The six-headed hydra bites you! The six-headed hydra misses you.
The six-headed hydra completely misses you.
The six-headed hydra bites you.
You completely miss the six-headed hydra.
The six-headed hydra is heavily wounded.
You barely miss the six-headed hydra.
The six-headed hydra is heavily wounded.
The six-headed hydra closely misses you.
The six-headed hydra bites you!
The six-headed hydra bites you but does no damage.
The six-headed hydra bites you!
* * * LOW HITPOINT WARNING * * *
The six-headed hydra bites you!
You die...
Your body crumbles into a pile of gold.

#. ##...# ##....#
#.. #...## ##..##
...###...+ $ ##.+
.....##.##### ##
### ......#....D#
... .........#...#
.... ........##
#.......
.>.#....$####......
.. #......D@.......
##.#..$...#.....
####....#......
#....#.y.... #.$###
#...y .... ....
...... ... .......
.. .:......


You could see a six-headed hydra and 2 killer bees.

Vanquished Creatures
  Prince Ribbit (D:5)
  Sigmund (D:4)
  Edmund (D:4)
  A water moccasin (D:5)
  A black bear (D:5)
  3 necrophages
  3 ogres
  2 bullfrogs
  3 scorpions
  4 water moccasin zombies
  2 bullfrog zombies (D:5)
  A centaur zombie (D:5)
  An iron imp (D:6)
  3 jellies
  Crazy Yiuf (D:2)
  A bullfrog skeleton (D:6)
  2 orc priests (D:6)
  2 hounds
  An iguana (D:4)
  3 orc wizards
  A hound skeleton (D:4)
  2 mummies (Ossuary)
  Robin (D:2)
  A howler monkey skeleton (D:7)
  11 adders
  A shadow imp (D:6)
  A white imp (D:7)
  An ufetubus (D:4)
  8 adder zombies (Ossuary)
  A worm (D:2)
  2 dart slugs
  18 orcs
  5 endoplasms
  4 giant cockroaches
  5 gnoll zombies (Ossuary)
  16 goblins
  6 hobgoblins
  4 jackals (D:1)
  2 quokkas
  7 ball pythons
  4 bats
  A frilled lizard (D:3)
  5 hobgoblin zombies (Ossuary)
  2 kobolds
  6 kobold zombies (Ossuary)
  5 orc zombies (Ossuary)
  6 rats
163 creatures vanquished.

Vanquished Creatures (others)
  An orc wizard (D:4)
1 creature vanquished.

Grand Total: 164 creatures vanquished

Notes
Turn   | Place    | Note
-------+----------+-------------------------------------------
     0 | D:1      | styxcanada the Spriggan Brigand began the quest for the
                  | Orb.
     0 | D:1      | Reached XP level 1. HP: 10/10 MP: 2/2
    63 | D:1      | Reached skill level 6 in Stealth
   343 | D:1      | Reached XP level 2. HP: 15/15 MP: 3/3
  1063 | D:2      | Reached XP level 3. HP: 6/18 MP: 4/4
  1605 | D:2      | Noticed an ogre
  1633 | D:2      | Killed an ogre
  1634 | D:2      | Reached skill level 7 in Stealth
  1634 | D:2      | Reached XP level 4. HP: 12/23 MP: 5/5
  1905 | D:2      | Noticed Robin
  1915 | D:2      | Reached XP level 5. HP: 22/26 MP: 6/6
  2019 | D:2      | Killed Robin
  2347 | D:2      | Found a runed translucent door.
  2348 | D:2      | Noticed Crazy Yiuf
  2355 | D:2      | Killed Crazy Yiuf
  2628 | D:2      | Found a faded altar of an unknown god.
  2774 | D:3      | Reached skill level 8 in Stealth
  2792 | D:3      | Found Gemeugol's Armour Shop.
  2954 | D:3      | Reached XP level 6. HP: 32/32 MP: 7/7
  3182 | D:3      | Found an ornate altar of the Wu Jian Council.
  3485 | D:3      | Found a radiant altar of Vehumet.
  3817 | D:4      | Noticed Sigmund
  3841 | D:4      | Killed Sigmund
  3842 | D:4      | Reached skill level 9 in Stealth
  3842 | D:4      | Reached XP level 7. HP: 35/35 MP: 8/8
  3881 | D:4      | Noticed Edmund
  3884 | D:4      | Killed Edmund
  3978 | D:4      | Found a burning altar of Makhleb.
  3979 | D:4      | Noticed a cacodemon
  3983 | D:4      | Noticed a hellwing
  3983 | D:4      | Noticed a neqoxec
  4005 | D:4      | Reached skill level 10 in Stealth
  4122 | D:4      | Reached skill level 5 in Dodging
  4375 | D:4      | Found a bloodstained altar of Trog.
  4435 | D:4      | Reached skill level 1 in Slings
  4856 | D:4      | Reached skill level 11 in Stealth
  4856 | D:4      | Reached XP level 8. HP: 29/40 MP: 9/9
  5035 | D:5      | Entered Level 5 of the Dungeon
  5130 | D:5      | Reached skill level 1 in Evocations
  5418 | D:5      | Learned a level 2 spell: Static Discharge
  5619 | D:5      | Noticed Prince Ribbit
  5646 | D:5      | Killed Prince Ribbit
  5647 | D:5      | Reached skill level 1 in Air Magic
  5985 | D:5      | Reached skill level 1 in Conjurations
  6461 | D:6      | Found a snail-covered altar of Cheibriados.
  6476 | D:6      | Reached skill level 5 in Short Blades
  6594 | D:6      | Reached skill level 1 in Spellcasting
  6627 | D:6      | Reached XP level 9. HP: 44/44 MP: 11/11
  6763 | D:6      | Found a staircase to the Ecumenical Temple.
  6777 | Temple   | Entered the Ecumenical Temple
  6835 | Temple   | Became a worshipper of Gozag Ym Sagoz the Greedy
  6861 | D:6      | Found a sand-covered staircase.
  6870 | Ossuary  | Entered an ossuary
  6963 | Ossuary  | Reached skill level 12 in Stealth
  7588 | D:7      | Noticed a six-headed hydra
  7593 | D:7      | Identified the +3 hunting sling of a bailey {vorpal, Dex+4
                  | Stlth+}
  7607 | D:7      | Mangled by a six-headed hydra

Illustrated notes

Levels and vault maps discovered:
D:1:      minmay_arrival_shoal_huts, layout_basic
D:2:      layout_loops_ring, hellmonk_ecumenical_altar_inner_sanctum,
          serial_glass, glass_columns_a, glass_columns_c, grunt_ministairs_8,
          uniq_crazy_yiuf_cottage, uniq_robin
D:3:      layout_basic, lemuel_tele_altar, mainiacjoe_overflow_brackets,
          serial_shops, nicolae_shop_statue_plus, minmay_snake_closets
D:4:      layout_loops_ring, mainiacjoe_overflow_catwalk,
          makhleb_altar_promises_db, sigmund_edmund_badplayer, uniq_sigmund
D:5:      layout_basic, uniq_prince_ribbit1
D:6:      layout_rooms, slow_altar_2, minmay_temple_entry_glassed_door,
          nicolae_ossuary_entry_monument, grunt_decor_junction
D:7:      minmay_razor_zed, layout_cave_pools, serial_shops,
          nicolae_shop_behind_doors, enter_bailey_5, kennysheep_generic_room_7,
          uniq_menkaure
Temple:   nicolae_temple_figure_eight

Skill      XL: |  1  2  3  4  5  6  7  8  9 |
---------------+----------------------------+-----
Stealth        | 6 7 8 9 11 12 | 12.1
Fighting       | 2 3 |  3.8
Short Blades   | 3 4 5 |  5.4
Dodging        | 2 3 4 5 7 |  7.4
Throwing       | 3 |  3.9
Slings         | 1 |  1.9
Evocations     | 2 3 |  3.5
Air Magic      | 1 2 |  2.1
Conjurations   | 1 |  1.4
Spellcasting   | 1 |  1.9

Action                   |  1- 3 |  4- 6 |  7- 9 || total
-------------------------+-------+-------+-------++-------
Melee: Dagger            |    80 |    92 |   440 ||   612
       Punch             |     2 |       |     5 ||     7
 Fire: Hunting sling     |       |     4 |    18 ||    22
Throw: Dart              |    22 |    15 |    20 ||    57
Evoke: Wand              |       |       |     5 ||     5
  Use: Scroll            |     2 |     6 |     6 ||    14
       Potion            |     1 |       |       ||     1
 Stab: Sleeping          |     4 |    11 |    11 ||    26
       Distracted        |       |       |     1 ||     1
Armor: Robe              |     9 |     8 |    32 ||    49
Dodge: Dodged            |    50 |    78 |   310 ||   438
